 Dungeon Sprint DCSS version 0.31-a0-182-gc5ef74bbde (webtiles) character file.

Game seed: 16624869117598130130

225 rocky1 the Carver (level 7, -8/78 HPs)
             Began as a Demonspawn Fighter on June 22, 2023.
             Was a Believer of Okawaru.
             Mangled by a giant anaconda (10 damage)
             ... in the Dungeon (Sprint VI: "Thunderdome").
             The game lasted 00:06:10 (639 turns).

rocky1 the Carver (Demonspawn Fighter)               Turns: 639, Time: 00:06:11

Health: -8/78      AC: 11    Str: 16    XL:     7   Next: 59%
Magic:  13/14      EV:  8    Int: 10    God:    Okawaru [**....]
Gold:   311        SH:  9    Dex: 14    Spells: 6/6 levels left

rFire   . . .        a - +0 long sword
rCold   . . .        l - +2 buckler
rNeg    . . .        b - +0 scale mail
rPois   .            (no helmet)
rElec   .            o - +0 cloak
rCorr   .            (no gloves)
SInv    .            (no boots)
Will    .....        (no amulet) Stlth
                     (no ring)
HPRegen 0.33/turn    (no ring)
MPRegen 0.14/turn

%: no teleportation
@: berserking, heroic, constricted, very quick
A: thin metallic scales 1, ignite blood 1, demonic touch 1
a: Renounce Religion, Heroism


You were in the Dungeon.
You worshipped Okawaru.
Okawaru was pleased with you.
You visited 1 branch You collected 500 gold pieces.
You spent 189 gold pieces at shops.

Inventory:

Hand Weapons
 a - a +0 long sword (weapon)
 p - a +0 great sword
Armour
 b - a +0 scale mail (worn)
 c - a +0 buckler
 l - a +2 buckler (worn)
 o - a +0 cloak (worn)
Wands
 m - a wand of roots (5)
Scrolls
 j - 4 scrolls of blinking
 n - 3 scrolls of fog
Potions
 d - a potion of might
 e - 5 potions of curing
 f - 6 potions of heal wounds
 g - 4 potions of haste
 h - 3 potions of magic
 k - a potion of resistance


   Skills:
 - Level 3.0(8.0) Fighting
 * Level 11.4(16.4) Long Blades
 - Level 2.6(7.6) Armour
 + Level 8.5(13.5) Shields
 + Level 9.6 Invocations


You had 6 spell levels left.
You didn't know any spells.
Your spell library was empty.

Dungeon Overview and Level Annotations

Branches:
Dungeon (1/1)

Altars:
Cheibriados
Dithmenos
Fedhas
Gozag
Kikubaaqudgha
Makhleb
Okawaru
Qazlal
Ru
Sif Muna
Trog
Uskayaw
Vehumet
Wu Jian
Xom
Yredelemnul
Lugonu

Shops:
D *[??*?*:[((!!!!


Innate Abilities, Weirdness & Mutations

You are partially covered in thin metallic scales. (AC +2)
Your demonic aura sometimes causes spilled blood to erupt in flames.
Your touch may inflict minor irresistible damage on your foes.


Message History

The giant anaconda bites you but does no damage.
The giant anaconda constricts you.
You slash the giant anaconda!
The giant anaconda is moderately wounded.
The giant anaconda is engulfed in blazing flames.
The giant anaconda bites you! The giant anaconda constricts you.
You slice the giant anaconda!!
The giant anaconda is heavily wounded.
The giant anaconda is engulfed in blazing flames.
The giant anaconda bites you! The giant anaconda constricts you.
* * * LOW HITPOINT WARNING * * *
You hit the giant anaconda.
The giant anaconda is heavily wounded.
The giant anaconda is engulfed in blazing flames.
The giant anaconda bites you!
* * * LOW HITPOINT WARNING * * *
The giant anaconda constricts you.
* * * LOW HITPOINT WARNING * * *
You slash the giant anaconda!
The giant anaconda is heavily wounded.
The giant anaconda is engulfed in blazing flames.
The giant anaconda closely misses you. The giant anaconda constricts you.
* * * LOW HITPOINT WARNING * * *
You miss the giant anaconda.
The giant anaconda is severely wounded.
You barely miss the giant anaconda.
The giant anaconda is severely wounded.
The giant anaconda is engulfed in blazing flames.
The giant anaconda bites you but does no damage.
The giant anaconda constricts you.
* * * LOW HITPOINT WARNING * * *
Unknown command.
You closely miss the giant anaconda.
The giant anaconda is severely wounded.
You block the giant anaconda's attack. The giant anaconda constricts you.
* * * LOW HITPOINT WARNING * * *
You closely miss the giant anaconda.
The giant anaconda is severely wounded.
The giant anaconda bites you!
You die...

##.....## ##∩.....∩##
#∩.......∩# #_......._#
#_......._# #_......._#
###......[..###
#⌠..S........⌠#
######.8°@.......8.######
##.___..)...###.÷...._..∩##
###∩........8.# #.8........∩#
##....÷.....)..###)...........
#⌠....[.....###([[###.........
#⌠......[.).# #.<.# #.........
#⌠....)....)###...###.........
##..).[........###............
###∩[......÷8.# #.8).......∩#


You could see a giant anaconda.

Vanquished Creatures
  Sigmund (D)
  A gnoll sergeant (D)
  2 necrophages (D)
  3 wights (D)
  7 orc priests (D)
  Crazy Yiuf (D)
  Jessica (D)
  3 gnolls (D)
  A bat (D)
  A hobgoblin (D)
  A frilled lizard (D)
  A kobold (D)
  A quokka skeleton (D)
24 creatures vanquished.

Notes
Turn   | Place    | Note
-------+----------+-------------------------------------------
     0 | D        | rocky1 the Demonspawn Fighter began the quest for the Orb.
     0 | D        | Reached XP level 1. HP: 18/18 MP: 1/1
     4 | D        | Found a shimmering blue altar of Sif Muna.
     4 | D        | Found an opulent altar of Gozag.
     5 | D        | Found an ancient bone altar of Kikubaaqudgha.
     5 | D        | Round 1.
     6 | D        | Found a shadowy altar of Dithmenos.
     6 | D        | Found a corrupted altar of Lugonu.
     7 | D        | Found an ornate altar of the Wu Jian Council.
     7 | D        | Found a stormy altar of Qazlal.
     7 | D        | Found Eniar's Staff Store.
     7 | D        | Found Cuutemm's Magic Scroll Shop.
     8 | D        | Found Luexayta's Must-Have Magic.
     8 | D        | Found Seoduss's Magic Scroll Shop.
    10 | D        | Found a snail-covered altar of Cheibriados.
    11 | D        | Found a burning altar of Makhleb.
    12 | D        | Found a sacrificial altar of Ru.
    13 | D        | Noticed a gnoll sergeant
    14 | D        | Found Qiasuy's Jewellery.
    14 | D        | Found Zeovuich's Advanced Armour.
    14 | D        | Found Suipun's Identification Station.
    16 | D        | Killed a gnoll sergeant
    17 | D        | Reached skill level 5 in Long Blades
    17 | D        | Gained mutation: Your touch may inflict minor irresistible
                  | damage on your foes. [demonic ancestry]
    17 | D        | Reached XP level 2. HP: 24/24 MP: 2/2
    17 | D        | Gained mutation: You are partially covered in thin metallic
                  | scales. (AC +2) [demonic ancestry]
    17 | D        | Reached XP level 3. HP: 29/29 MP: 3/3
    24 | D        | Reached skill level 6 in Long Blades
    24 | D        | Reached skill level 5 in Shields
    24 | D        | Reached XP level 4. HP: 31/35 MP: 4/4
    24 | D        | Found a bloodstained altar of Trog.
    25 | D        | Found a shimmering altar of Xom.
    27 | D        | Found Ehaipn's Premium Goods.
    28 | D        | Found a radiant altar of Vehumet.
    28 | D        | Found a basalt altar of Yredelemnul.
    28 | D        | Found a hide-covered altar of Uskayaw.
    28 | D        | Found Ydeoqes's Weapon Rack.
    28 | D        | Found Plog's Miscellaneous Merchandise.
    28 | D        | Found Weataan's Basic Armour.
    33 | D        | Found an iron altar of Okawaru.
    34 | D        | Found a blossoming altar of Fedhas.
    35 | D        | Found Ril Zalai's Do-It-Yourself Clinic.
    36 | D        | Found Guvet's Bottled Wisdom.
    36 | D        | Found Adueh's Distillery.
    41 | D        | Became a worshipper of Warmaster Okawaru
    47 | D        | Found Buhin's Distillery.
    84 | D        | Reached skill level 1 in Invocations
   126 | D        | Noticed Crazy Yiuf
   135 | D        | Killed Crazy Yiuf
   153 | D        | Reached skill level 7 in Long Blades
   170 | D        | Arena points: 6 (+6) [x1]
   185 | D        | Round 2.
   200 | D        | Noticed Sigmund
   204 | D        | Killed Sigmund
   204 | D        | Reached * piety under Okawaru
   205 | D        | Reached skill level 9 in Long Blades
   205 | D        | Reached XP level 5. HP: 34/41 MP: 6/9
   205 | D        | Gained mutation: Your demonic aura sometimes causes spilled
                  | blood to erupt in flames. [demonic ancestry]
   205 | D        | Reached XP level 6. HP: 39/47 MP: 6/10
   303 | D        | Noticed Jessica
   307 | D        | Killed Jessica
   307 | D        | Arena points: 34 (+28) [x2]
   322 | D        | Round 3.
   343 | D        | Reached skill level 10 in Long Blades
   346 | D        | Reached ** piety under Okawaru
   385 | D        | Reached XP level 7. HP: 40/52 MP: 13/13
   390 | D        | Arena points: 97 (+63) [x3]
   407 | D        | Bought 4 potions of curing for 84 gold pieces
   407 | D        | Bought 3 potions of heal wounds for 105 gold pieces
   414 | D        | Round 4.
   480 | D        | Reached skill level 11 in Long Blades
   545 | D        | Arena points: 225 (+128) [x4]
   616 | D        | Round 5.
   626 | D        | Noticed a giant anaconda
   638 | D        | HP: 2/78 [constriction (3)]
   639 | D        | Mangled by a giant anaconda

Illustrated notes

Levels and vault maps discovered:
D:        arena_sprint

Skill      XL: |  1  2  3  4  5  6  7 |
---------------+----------------------+-----
Long Blades    | 5 6 9 10 11 | 11.4
Shields        | 4 5 6 7 8 |  8.5
Invocations    | 6 8 9 |  9.6
Fighting       | |  3.0
Armour         | |  2.6

Action                     |  1- 3 |  4- 6 |  7- 9 || total
---------------------------+-------+-------+-------++-------
  Melee: Long sword        |     4 |    62 |    53 ||   119
         Touch             |       |     6 |       ||     6
 Invoke: Heroism           |       |     1 |     2 ||     3
  Evoke: Wand              |     2 |     3 |       ||     5
    Use: Potion            |       |       |     2 ||     2
 Armour: Scale mail        |     1 |    29 |     6 ||    36
  Dodge: Dodged            |     1 |    34 |    10 ||    45
  Block: Buckler           |       |     8 |    12 ||    20

Table legend: (Time is in decaauts)
 A = Elapsed time spent in this place.
 B = Non-inter-level travel time spent in this place.
 C = Inter-level travel time spent in this place.
 D = Time resting spent in this place.
 E = Time spent auto-exploring this place.
 F = Levels seen in this place.
 G = Mean time per level.
                   A        B        C        D        E       F      G
               +--------+--------+--------+--------+--------+-----+--------+
         Total |    627 |    627 |      0 |    190 |      0 |   1 |  627.0 |
       Dungeon |    627 |    627 |      0 |    190 |      0 |   1 |  627.0 |
               +--------+--------+--------+--------+--------+-----+--------+

Top non-repeatable levels by time:
       D: 627 daAuts
